 Dungeon Crawl Stone Soup version 0.30.0-18-gc0e69614cb (webtiles) character file.

Game seed: 7844823002165259165

1929 sampeng1 the Trooper (level 8, -1/74 HPs)
             Began as a Minotaur Berserker on May 26, 2023.
             Was an Elder of Trog.
             Slain by a gnoll
             ... wielding a +0 halberd
             ... led by a gnoll sergeant
              (6 damage)
             ... on level 5 of the Dungeon.
             The game lasted 00:11:21 (3269 turns).

sampeng1 the Trooper (Minotaur Berserker)           Turns: 3269, Time: 00:11:22

Health: -1/74      AC: 16    Str: 23    XL:     8   Next: 97%
Magic:  0/7        EV: 12    Int:  4    God:    Trog [****..]
Gold:   211        SH:  0    Dex: 11    Spells: 7/7 levels left

rFire   . . .        e - +2 war axe (flame)
rCold   . . .        (no shield)
rNeg    . . .        o - +3 scale mail
rPois   .            (helmet restricted)
rElec   .            m - +1 cloak
rCorr   .            (no gloves)
SInv    .            c - +2 pair of boots
Will    ++...        n - amulet of guardian spirit Stlth
                     (no ring)
HPRegen 1.32/turn    (no ring)
MPRegen 0.10/turn

%: guardian spirit
@: strong-willed, regenerating
A: horns 2, retaliatory headbutt
a: Renounce Religion, Berserk, Trog's Hand, Brothers in Arms


You were on level 5 of the Dungeon.
You worshipped Trog.
Trog was greatly pleased with you.
You visited 1 branch of the dungeon, and saw 5 of its levels.

You collected 299 gold pieces.
You spent 88 gold pieces at shops.

Inventory:

Hand Weapons
 e - a +2 war axe of flaming (weapon)
Missiles
 i - 6 poisoned darts
 k - 2 atropa-tipped darts
 l - 3 boomerangs
Armour
 b - a +0 animal skin
 c - a +2 pair of boots (worn)
 m - a +1 cloak (worn)
 o - a +3 scale mail (worn)
 p - a +2 scale mail of willpower
Jewellery
 n - an amulet of guardian spirit (around neck)
Scrolls
 j - a scroll of identify
Potions
 a - a potion of might
 d - 6 potions of curing (quivered)
 f - a potion of magic {unknown}
 g - 2 potions of degeneration {unknown}
 h - a potion of heal wounds


   Skills:
 + Level 7.9 Fighting
 + Level 7.8 Axes
 + Level 7.3 Armour
 + Level 6.7 Dodging


You had 7 spell levels left.
You didn't know any spells.
Your spell library was empty.

Dungeon Overview and Level Annotations

Branches:
Dungeon (5/15)             Temple (0/1) D:5

Altars:
Fedhas

Shops:
D:1 :   D:2 !   D:4 =


Innate Abilities, Weirdness & Mutations

You have a pair of horns on your head.
You reflexively headbutt those who attack you in melee.


Message History

You headbutt the hound!
A gnoll comes into view. It is wielding a +0 club.
The gnoll hits you from afar with a +0 spear.
* * * LOW HITPOINT WARNING * * *
The gnoll sergeant hits you from afar with a +0 spear.
* * * LOW HITPOINT WARNING * * *
The orc priest mumbles some strange prayers to Beogh against you.
Pain shoots through your body!
* * * LOW HITPOINT WARNING * * *
Your skin crawls.
You feel strong-willed.
You can no longer call in reinforcements.
The hound bites you but does no damage. The gnoll closely misses you.
The gnoll barely misses you. The gnoll misses you. You furiously retaliate!
You headbutt the gnoll!
You kill the gnoll!
Trog accepts your kill. The gnoll sergeant closely misses you.
The orc priest barely misses you. You furiously retaliate!
You headbutt the orc priest. The hound barely misses you.
The hound barely misses you. The gnoll hits you with a +0 halberd.
* * * LOW HITPOINT WARNING * * *
The gnoll hits you but does no damage.
The gnoll sergeant hits you but does no damage.
The orc priest hits you but does no damage.
You see here a black bear corpse.
You slash the gnoll! You burn the gnoll.
You kill the gnoll!
Trog accepts your kill.
You can now call in reinforcements.
You hit the hound. You burn the hound.
You kill the hound!
Trog accepts your kill.
You slash the gnoll! You burn the gnoll. You slash the gnoll sergeant!
You burn the gnoll sergeant. You hit the orc priest. You burn the orc priest.
You kill the orc priest!
Trog accepts your kill.
The gnoll sergeant hits you with a +0 spear!
* * * LOW HITPOINT WARNING * * *
The gnoll hits you with a +0 halberd.
You die...

#........#.#..
#...............
#.......#...#... #
##.....#.......#.[..
.....#.....>.....#.#
......#.......#...#
...##.g).#...#.....#
....g.)@.).........#
......g†))#.#......###
..###....))).........
#.##...#.......###)≈
#.. #...))†........~≈
#.# #...)))......~..(
.. #....)..........~
.....................~
..........?.>...~~.≈


You could see a gnoll sergeant and 2 gnolls.

Vanquished Creatures
  Pikel (D:4)
  The ghost of TheFallenCrow the Slasher, a novice DsMo (D:4)
  Grinder (D:3)
  2 black bears (D:5)
  2 lemures (D:4)
  A phantom (D:3)
  Blork the orc (D:5)
  2 bullfrogs
  2 scorpions (D:5)
  3 hounds
  A jelly (D:4)
  2 orc priests (D:5)
  An iguana (D:5)
  An orc wizard (D:5)
  Robin (D:3)
  4 adders
  7 gnolls
  A shadow imp (D:4)
  2 worms
  A dart slug (D:4)
  16 orcs
  5 endoplasms
  4 giant cockroaches
  14 goblins
  9 hobgoblins
  6 jackals (D:3)
  5 kobolds
  4 quokkas
  6 ball pythons
  4 bats
  4 frilled lizards
  3 rats
117 creatures vanquished.

Notes
Turn   | Place    | Note
-------+----------+-------------------------------------------
     0 | D:1      | sampeng1 the Minotaur Berserker began the quest for the
                  | Orb.
     0 | D:1      | Reached XP level 1. HP: 19/19 MP: 0/0
   115 | D:1      | Found Cinil's Book Shoppe.
   128 | D:1      | Reached XP level 2. HP: 25/27 MP: 1/1
   461 | D:1      | Reached ** piety under Trog
   499 | D:1      | Identified a scroll of acquirement
   499 | D:1      | Acquired a +2 war axe of flaming
   787 | D:2      | Reached XP level 3. HP: 32/33 MP: 2/2
  1521 | D:2      | Found Umemoa's Distillery.
  1525 | D:2      | Bought a potion of heal wounds for 55 gold pieces
  1525 | D:2      | Bought a potion of curing for 33 gold pieces
  1642 | D:3      | Noticed Grinder
  1643 | D:3      | Paralysed by Grinder for 5 turns
  1651 | D:3      | Killed Grinder
  1652 | D:3      | Reached skill level 5 in Fighting
  1652 | D:3      | Reached skill level 5 in Axes
  1652 | D:3      | Reached XP level 4. HP: 42/42 MP: 3/3
  1652 | D:3      | Reached XP level 5. HP: 48/48 MP: 4/4
  1717 | D:3      | Reached XP level 6. HP: 48/56 MP: 5/5
  1792 | D:3      | Found a blossoming altar of Fedhas.
  2291 | D:3      | Noticed Robin
  2297 | D:3      | Killed Robin
  2301 | D:3      | Reached *** piety under Trog
  2354 | D:4      | Found Pocroyde's Jewellery Boutique.
  2357 | D:4      | Noticed Pikel
  2373 | D:4      | Killed Pikel
  2374 | D:4      | Reached skill level 5 in Armour
  2374 | D:4      | Reached skill level 5 in Dodging
  2374 | D:4      | Reached XP level 7. HP: 12/64 MP: 6/6
  2623 | D:4      | Found a faded altar of an unknown god.
  2841 | D:4      | Found a runed translucent door.
  2842 | D:4      | Noticed TheFallenCrow's ghost (novice DsMo)
  2859 | D:4      | Killed TheFallenCrow's ghost
  2860 | D:4      | Reached XP level 8. HP: 72/73 MP: 4/7
  3178 | D:5      | Entered Level 5 of the Dungeon
  3227 | D:5      | Noticed Blork the orc
  3229 | D:5      | Found a staircase to the Ecumenical Temple.
  3237 | D:5      | Killed Blork the orc
  3266 | D:5      | Reached **** piety under Trog
  3269 | D:5      | Slain by a gnoll

Illustrated notes

Levels and vault maps discovered:
D:1:      tarquinn_simple_flora_water_f, layout_basic, serial_shops, shop
D:2:      layout_loops_corners, serial_shops, shop, minmay_misc_feat_x
D:3:      minmay_razor_zed, layout_basic, overflow_temple_1_default,
          uniq_grinder, uniq_robin
D:4:      layout_cave_pools, serial_column_ruins, column_ruins_temple_circle,
          column_ruins_hut_ruined, column_ruins_open_medium,
          column_ruins_corridor_corner, column_ruins_open_small,
          column_ruins_grid_1, column_ruins_open_small, column_ruins_open_tiny,
          ebering_ghost_inner_flame, serial_shops, shop,
          mrwooster_statue_mirror, hangedman_minor_gate_pass, uniq_pikel
D:5:      layout_cave_pools, riverfiend_overflow_shadow_ancestor,
          mainiacjoe_overflow_concentric_impassable,
          minmay_temple_entry_sparse_star, chequers_serial_rivers_small_3,
          minmay_misc_feat_roman, chequers_jeans, minmay_circle_x,
          uniq_blork_the_orc

Skill      XL: |  1  2  3  4  5  6  7  8 |
---------------+-------------------------+-----
Axes           | 4 5 6 7 |  7.8
Fighting       | 4 5 6 7 |  7.9
Armour         | 3 4 5 6 7 |  7.3
Dodging        | 3 4 5 6 |  6.7

Action                     |  1- 3 |  4- 6 |  7- 9 || total
---------------------------+-------+-------+-------++-------
  Melee: Hand axe          |    37 |       |       ||    37
         Headbutt          |    10 |     6 |    12 ||    28
         War axe           |    24 |    63 |    75 ||   162
 Invoke: Berserk           |       |     1 |       ||     1
         Trog's Hand       |       |       |     1 ||     1
    Use: Scroll            |     5 |       |     3 ||     8
         Potion            |     2 |       |     2 ||     4
 Armour: Leather armour    |    14 |       |       ||    14
         Ring mail         |     3 |    27 |     6 ||    36
         Scale mail        |       |       |    58 ||    58
  Dodge: Dodged            |    32 |    72 |    52 ||   156
